 Dungeon Crawl Stone Soup version 0.30.1-1-g62c8e00024 (webtiles) character file.

Game seed: 1842239165016944054

67861 Pepete the Scorcher (level 14, -3/93 HPs)
             Began as a Red Draconian Fire Elementalist on July 15, 2023.
             Was an Elder of Vehumet.
             Shot with an arrow by a centaur warrior (5 damage)
             ... while petrified by a basilisk
             ... on level 14 of the Dungeon.
             The game lasted 01:12:38 (48884 turns).

Pepete the Scorcher (DrFE)                         Turns: 48884, Time: 01:12:38

Health: -3/93      AC: 15    Str: 10    XL:     14   Next: 84%
Magic:  30/30      EV:  2    Int: 22    God:    Vehumet [****..]
Gold:   1598       SH:  0    Dex: 11    Spells: 10/38 levels left

rFire   + + +        L - staff of fire
rCold   + + .        y - orb {light}
rNeg    + + +        (body armour unavailable)
rPois   ∞            (helmet restricted)
rElec   .            N - scarf {rC+ rF+}
rCorr   .            (no gloves)
SInv    .            i - +2 pair of boots
Will    +....        j - amulet of magic regeneration
Stlth   +            g - ring of protection from cold
HPRegen 0.35/turn    I - +4 ring of protection
MPRegen 0.62/turn

%: no passive effects
@: petrified, flying, glowing, studying Ranged Weapons
A: breathe fire, AC +8, unfitting armour, fire resistance 1, cold-blooded,
antennae 1, big wings
a: Breathe Fire, Renounce Religion


You were on level 14 of the Dungeon.
You worshipped Vehumet.
Vehumet was greatly pleased with you.
You visited 2 branches of the dungeon, and saw 19 of its levels.

You collected 1598 gold pieces.

Inventory:

Hand Weapons
 S - a +0 demon blade
Missiles
 K - 53 poisoned darts
Armour
 i - a +2 pair of boots (worn)
 y - an orb of light (worn)
 N - a scarf of resistance (worn)
 Q - a +0 cloak
Magical Staves
 a - a staff of conjuration
 L - a staff of fire (weapon)
Jewellery
 g - a ring of protection from cold (left hand)
 j - an amulet of magic regeneration (around neck)
 q - a +6 ring of dexterity
 w - the amulet "Renetuow" {Regen+ Str+3}
   (You found it on level 4 of the Dungeon)

   [amulet of regeneration]

   Str:       It affects your strength (+3).
   Regen:     It increases your rate of health regeneration.
 A - a ring of positive energy
 I - a +4 ring of protection (right hand)
 R - an amulet of regeneration
Wands
 k - a wand of iceblast (14)
 s - a wand of mindburst (19)
 F - a wand of paralysis (29)
 G - a wand of flame (65)
 J - a wand of acid (11)
Scrolls
 b - 5 scrolls of noise
 c - 6 scrolls of teleportation
 e - a scroll of enchant armour
 h - 3 scrolls of summoning
 n - 4 scrolls of enchant weapon
 t - a scroll of amnesia
 x - 4 scrolls of fear
 B - a scroll of identify
 D - 5 scrolls of blinking
 E - 5 scrolls of fog
 H - a scroll of silence
 U - a scroll of immolation
Potions
 d - 5 potions of curing
 f - a potion of experience
 l - 3 potions of degeneration
 m - a potion of resistance
 o - 5 potions of brilliance
 p - 5 potions of might
 r - a potion of heal wounds
 u - 6 potions of ambrosia
 v - a potion of berserk rage {unknown}
 z - 5 potions of flight {unknown}
 C - 2 potions of invisibility
 M - a potion of magic
 O - a potion of cancellation {unknown}
 P - 3 potions of lignification {unknown}


   Skills:
 - Level 1.7 Dodging
 - Level 1.7 Stealth
 + Level 12.6 Spellcasting
 - Level 11.6 Conjurations
 * Level 12.4 Summonings
 - Level 15.3 Fire Magic
 - Level 9.9 Air Magic


You had 10 spell levels left.
You knew the following spells:

 Your Spells              Type           Power      Damage    Failure   Level
a - Foxfire               Conj/Fire      100%       2x1d9     0%          1
b - Scorch                Fire           100%       2d9       0%          2
c - Volatile Blastmotes   Fire/Tloc      100%       2d18      1%          3
d - Flame Wave            Conj/Fire      83%        2d18      1%          4
e - Fulminant Prism       Conj/Hex       19%        3d10      1%          4
f - Starburst             Conj/Fire      41%        6d12      1%          6
g - Summon Lightning Spi  Summ/Air       59%        N/A       1%          4
h - Swiftness             Air            55%        N/A       1%          3
i - Shock                 Conj/Air       100%       1d9       1%          1

Your spell library contained the following spells:

 Spells                   Type           Power      Damage    Failure   Level
 Arcjolt                  Conj/Air       28%        1d38      1%          5
 Sandblast                Erth           26%        2d8       1%          1
 Cigotuvi's Dreadful Rot  Necr/Pois/Air  56%        N/A       1%          2
 Dazzling Flash           Conj/Hex       78%        N/A       1%          3
 Inner Flame              Hex/Fire       64%        N/A       1%          3
 Stone Arrow              Conj/Erth      78%        3d11      1%          3
 Airstrike                Air            27%        2d(4-20)  1%          4
 Iskenderun's Mystic Bla  Conj/Tloc      39%        2d9       1%          4
 Sticky Flame             Conj/Fire      83%        2d9       1%          4
 Beastly Appendage        Tmut           26%        N/A       4%          1
 Passwall                 Tmut/Erth      10%        N/A       7%          2
 Wereblood                Tmut           13%        N/A       7%          2
 Summon Forest            Summ/Tloc      20%        N/A       10%         5
 Spider Form              Tmut/Pois      13%        N/A       14%         3
 Summon Hydra             Summ           31%        N/A       24%         7
 Lee's Rapid Deconstruct  Erth           6%         3d6*      32%         5
 Dispel Undead            Necr           13%        3d9       43%         4
 Maxwell's Capacitive Co  Air            27%        ∞         75%         8
 Eringya's Noxious Bog    Tmut/Pois      6%         N/A       83%         6
 Storm Form               Tmut/Air       17%        N/A       99%         7
 Death Channel            Necr           6%         N/A       100%        6


Dungeon Overview and Level Annotations

Branches:
Dungeon (14/15)            Temple (0/1) D:5            Lair (5/5) D:8
  Swamp (0/4) Lair:3       Spider (0/4) Lair:3        Slime (0/5) Lair:5
    Orc (0/2) D:11         Vaults (0/5) D:13

Altars:
Fedhas
Hepliaklqana
Kikubaaqudgha
Nemelex Xobeh
Qazlal
Ru
Sif Muna
Trog
Vehumet
Xom
Zin
The Shining One
Jiyva

Portals:
Trove: D:12 (give +6 demon trident)

Annotations:
D:8 3 runed translucent doors, ZoeForever1's ghost, novice MiGl
D:9 2 transporters, monsoonserge's ghost, novice DjFE
D:13 2 runed translucent doors, nroviw's ghost, journeyman TrFi
Lair:3 2 transporters, ShellytheWitch's ghost, journeyman MiFi
Lair:4 2 transporters, Juirae's ghost, journeyman TrMo
Lair:5 1 runed translucent door, turdburglar's ghost, journeyman MiFi


Innate Abilities, Weirdness & Mutations

You can breathe blasts of fire.
Your fiery red scales are hard. (AC +8)
You cannot fit into any form of body armour.
Your flesh is heat resistant. (rF+)
You are cold-blooded and may be slowed by cold attacks.
You have a pair of small antennae on your head.
Your large and strong wings let you fly.


Message History

You start resting.
A centaur warrior comes into view.
The centaur warrior shouts!
The centaur warrior wields a +0 longbow.
The centaur warrior shoots an arrow.
The arrow hits you!!
A centaur warrior is nearby!
A centaur warrior is nearby!
The centaur warrior shoots an arrow.
The arrow barely misses you.
You see here a +0 robe.
A centaur warrior is nearby!
A centaur warrior is nearby!
The centaur warrior shoots an arrow.
The arrow hits you!
The centaur warrior shoots an arrow.
The arrow hits you!
You start resting.
You sense a monster nearby.
You start resting.
The centaur warrior shoots an arrow.
The arrow closely misses you.
A basilisk comes into view.
The basilisk hisses angrily.
The centaur warrior shoots an arrow.
The arrow hits you. The basilisk gazes at you.
You are slowing down.
You feel much better.
The centaur warrior shoots an arrow.
The arrow hits you!!
The centaur warrior shoots an arrow.
The arrow hits you!!
The centaur warrior shoots an arrow.
The arrow barely misses you.
Your limbs are stiffening.
The centaur warrior shoots an arrow.
The arrow hits you!
* * * LOW HITPOINT WARNING * * *
You have turned to stone.
The centaur warrior shoots an arrow.
The arrow hits you!
* * * LOW HITPOINT WARNING * * *
The centaur warrior shoots an arrow.
The arrow hits you but does no damage.
The centaur warrior shoots an arrow.
The arrow hits you!
* * * LOW HITPOINT WARNING * * *
The centaur warrior shoots an arrow.
The arrow hits you.
* * * LOW HITPOINT WARNING * * *
The centaur warrior shoots an arrow.
The arrow hits you!!
* * * LOW HITPOINT WARNING * * *
The centaur warrior shoots an arrow.
The arrow hits you!
You die...

#. #.# #.. ###
#..##### #.#
#......#####.# .##
#..........l)###l....
#.........[c....)....
#..<[.....#######.##
#...)...@.#
#.........#
#...).....#
#####)##### #)..
##.## .# .# .#


You could see a centaur warrior and a basilisk.

Vanquished Creatures
  A dire elephant (Lair:5)
  A vault guard (D:13)
  2 boulder beetles
  3 centaur warriors
  A merfolk avatar (Lair:5)
  6 death yaks
  3 two-headed ogres
  A tengu warrior (D:14)
  3 skysharks
  A pharaoh ant (Lair:3)
  3 lindwurms
  2 bog bodies (Lair:3)
  A deep elf pyromancer (D:13)
  3 cyclopes
  A harpy (Lair:5)
  A manticore (Lair:5)
  An ugly thing (D:13)
  8 elephants
  8 black mambas
  A torpor snail (Lair:5)
  15 cane toads
  2 gargoyles
  5 komodo dragons
  An unseen horror (D:9)
  3 rime drakes
  3 kobold demonologists
  A tengu conjurer (D:14)
  3 meliai (D:13)
  A queen bee (D:13)
  4 trolls
  4 polar bears
  2 tarantellas (Lair:3)
  2 hornets
  6 dream sheep (Lair:5)
  20 blink frogs
  A snapping turtle (Lair:5)
  Sigmund (D:5)
  5 slime creatures
  2 jumping spiders (Lair:3)
  6 spriggans (Lair:2)
  2 wraiths (D:11)
  A vampire (D:12)
  A wyvern (Lair:5)
  40 yaks
  5 steam dragons
  3 fire elementals
  15 vampire mosquitoes
  3 basilisks
  Menkaure (D:7)
  9 water moccasins
  6 orc warriors
  An ice beast (D:5)
  4 black bears
  2 sky beasts
  10 ogres
  6 centaurs
  8 wolves
  6 phantoms
  2 gnoll sergeants (D:9)
  9 kobold brigands
  12 bullfrogs
  3 scorpions
  8 wights
  37 killer bees
  3 howler monkeys
  4 electric eels
  2 jellies (D:5)
  2 hounds (D:5)
  7 orc priests
  3 gnoll boudas
  15 orc wizards
  A sleepcap (D:5)
  Ijyb (D:3)
  Terence (D:2)
  7 iguanas
  10 gnolls
  11 adders
  An ufetubus (D:6)
  2 worms (D:2)
  10 dart slugs
  38 orcs
  7 ball pythons
  4 endoplasms
  7 giant cockroaches
  7 hobgoblins
  3 jackals
  36 kobolds
  6 quokkas
  5 bats
  4 frilled lizards
  8 goblins
  3 rats
540 creatures vanquished.

Vanquished Creatures (collateral kills)
  Azrael (D:13)
  A catoblepas (Lair:4)
  Lodul (D:13)
  A salamander (shapeshifter) (D:12)
  2 rime drakes
  A komodo dragon (Lair:5)
  A blink frog (Lair:5)
  2 dream sheep (Lair:5)
  A wyvern (Lair:5)
  3 fire bats (Lair:5)
  7 yaks
  2 fire elementals (D:13)
  5 vampire mosquitoes
  A hell hound (D:13)
  3 ogres (D:13)
  A bullfrog (Lair:4)
  4 howler monkeys
  An orc priest (D:11)
  An orc wizard (D:11)
  3 orcs
  A hobgoblin (D:11)
  4 kobolds
  12 foxfires
59 creatures vanquished.

Vanquished Creatures (others)
  An ogre (D:5)
  A hound (D:5)
  1266 foxfires
  4 fulminant prisms
1272 creatures vanquished.

Grand Total: 1871 creatures vanquished

Notes
Turn   | Place    | Note
-------+----------+-------------------------------------------
     0 | D:1      | Pepete the Draconian Fire Elementalist began the quest for
                  | the Orb.
     0 | D:1      | Reached XP level 1. HP: 14/14 MP: 3/3
  1368 | D:1      | Reached XP level 2. HP: 20/20 MP: 2/5
  1517 | D:1      | Learned a level 2 spell: Scorch
  2188 | D:1      | Found a faded altar of an unknown god.
  2579 | D:2      | Noticed Terence
  2591 | D:2      | Killed Terence
  2592 | D:2      | Reached XP level 3. HP: 20/26 MP: 1/8
  3176 | D:2      | Reached XP level 4. HP: 33/33 MP: 6/10
  3747 | D:3      | Found an ancient bone altar of Kikubaaqudgha.
  3820 | D:3      | Noticed Ijyb
  3827 | D:3      | Killed Ijyb
  3896 | D:3      | Found a stormy altar of Qazlal.
  3898 | D:3      | Noticed a fire elemental
  3899 | D:3      | Noticed a water elemental
  3899 | D:3      | Noticed an air elemental
  3899 | D:3      | Noticed an earth elemental
  4068 | D:3      | Reached XP level 5. HP: 38/38 MP: 12/12
  4204 | D:3      | Found a glowing golden altar of the Shining One.
  4293 | D:3      | Found a radiant altar of Vehumet.
  4341 | D:3      | Became a worshipper of Vehumet
  4378 | D:4      | Noticed a sky beast
  4383 | D:4      | Killed a sky beast
  4384 | D:4      | Reached skill level 5 in Spellcasting
  5109 | D:4      | Identified the amulet "Renetuow" {Regen+ Str+3}
  5172 | D:4      | Found a bloodstained altar of Trog.
  5172 | D:4      | Noticed a black bear
  5174 | D:4      | Noticed a black bear
  5184 | D:4      | Killed a black bear
  5185 | D:4      | Reached XP level 6. HP: 37/45 MP: 12/15
  5653 | D:4      | Your scales start taking on a fiery red colour.
  5653 | D:4      | Reached XP level 7. HP: 50/50 MP: 10/17
  5653 | D:4      | Gained mutation: Your flesh is heat resistant. (rF+) [Red
                  | Draconian growth]
  6120 | D:5      | Entered Level 5 of the Dungeon
  6198 | D:5      | Reached skill level 4 in Fire Magic
  6442 | D:5      | Reached * piety under Vehumet
  6442 | D:5      | Offered knowledge of Shock by Vehumet.
  6656 | D:5      | Learned a level 3 spell: Volatile Blastmotes
  6661 | D:5      | Learned a level 4 spell: Flame Wave
  6688 | D:5      | Reached skill level 5 in Fire Magic
  6699 | D:5      | Noticed Sigmund
  6706 | D:5      | Killed Sigmund
  6707 | D:5      | Reached XP level 8. HP: 57/57 MP: 15/20
  6743 | D:5      | Found a sparkling altar of Nemelex Xobeh.
  6774 | D:5      | Reached skill level 6 in Fire Magic
  7053 | D:5      | Found a staircase to the Ecumenical Temple.
  7087 | D:5      | Found a glowing silver altar of Zin.
  7119 | D:5      | Reached skill level 7 in Fire Magic
  7645 | D:5      | Reached skill level 8 in Fire Magic
  7944 | D:5      | Found a shimmering altar of Xom.
  8109 | D:6      | Reached XP level 9. HP: 62/62 MP: 17/22
  8743 | D:6      | Found a shimmering blue altar of Sif Muna.
  8828 | D:6      | Reached skill level 9 in Fire Magic
  9012 | D:6      | Reached ** piety under Vehumet
  9012 | D:6      | Offered knowledge of Kiss of Death by Vehumet.
  9013 | D:6      | Reached skill level 10 in Spellcasting
  9662 | D:7      | Reached skill level 10 in Fire Magic
  9769 | D:7      | Offered knowledge of Ignite Poison by Vehumet.
 10265 | D:7      | Reached *** piety under Vehumet
 10455 | D:7      | Noticed Menkaure
 10459 | D:7      | Killed Menkaure
 10460 | D:7      | Reached XP level 10. HP: 69/69 MP: 21/24
 11068 | D:8      | Found a staircase to the Lair.
 11210 | D:8      | Reached skill level 11 in Fire Magic
 11256 | D:8      | Noticed a gargoyle
 11268 | D:8      | Gained mutation: You have a pair of small antennae on your
                  | head. [potion of mutation]
 11268 | D:8      | Gained mutation: Your large and strong wings let you fly.
                  | [potion of mutation]
 11750 | D:8      | Learned a level 4 spell: Fulminant Prism
 11772 | D:8      | Killed a gargoyle
 11982 | D:8      | Noticed a boulder beetle
 12062 | D:8      | Killed a boulder beetle
 12402 | D:8      | Found a runed translucent gate.
 12402 | D:8      | Found a runed translucent gate.
 12402 | D:8      | Found a runed translucent gate.
 12402 | D:8      | Noticed ZoeForever1's ghost (novice MiGl)
 12413 | D:8      | Found a sacrificial altar of Ru.
 12436 | D:8      | Offered knowledge of Sticky Flame by Vehumet.
 12651 | D:9      | Reached skill level 12 in Fire Magic
 12807 | D:9      | Noticed a two-headed ogre
 12809 | D:9      | Noticed monsoonserge's ghost (novice DjFE)
 12814 | D:9      | Found a transporter.
 12816 | D:9      | Found a transporter.
 12975 | D:9      | Learned a level 6 spell: Starburst
 13028 | D:9      | Reached **** piety under Vehumet
 13070 | D:9      | Noticed a two-headed ogre
 13084 | D:9      | Paralysed by a hornet for 2 turns
 13090 | D:8      | Paralysed by a hornet for 3 turns
 13099 | D:8      | Offered knowledge of Mephitic Cloud by Vehumet.
 13462 | D:8      | Reached XP level 11. HP: 19/74 MP: 5/26
 13990 | D:9      | Reached skill level 5 in Conjurations
 14350 | D:9      | Noticed a two-headed ogre
 14366 | D:9      | Killed a two-headed ogre
 14367 | D:9      | Reached skill level 13 in Fire Magic
 14402 | D:9      | Killed a two-headed ogre
 16850 | D:9      | Noticed a centaur warrior
 16850 | D:9      | Noticed a two-headed ogre
 17013 | Lair:1   | Entered Level 1 of the Lair of Beasts
 19470 | Lair:2   | Reached skill level 14 in Fire Magic
 20545 | Lair:2   | Reached XP level 12. HP: 81/81 MP: 20/27
 21700 | Lair:2   | Reached skill level 10 in Conjurations
 23340 | Lair:3   | Noticed a death yak
 23341 | Lair:3   | Noticed a death yak
 23342 | Lair:3   | Noticed a death yak
 23343 | Lair:3   | Noticed a death yak
 23346 | Lair:3   | Noticed a death yak
 23348 | Lair:3   | Killed a death yak
 23348 | Lair:3   | Killed a death yak
 23349 | Lair:3   | Killed a death yak
 23349 | Lair:3   | Killed a death yak
 23350 | Lair:3   | Reached skill level 15 in Fire Magic
 23352 | Lair:3   | Killed a death yak
 23558 | Lair:3   | Learned a level 4 spell: Summon Lightning Spire
 24143 | Lair:3   | Found a staircase to the Swamp.
 24218 | Lair:3   | Found a transporter.
 24221 | Lair:3   | Found a transporter.
 24221 | Lair:3   | Noticed ShellytheWitch's ghost (journeyman MiFi)
 24222 | Lair:3   | Noticed a death yak
 24222 | Lair:3   | Noticed a catoblepas
 24224 | Lair:3   | Noticed a four-headed hydra
 24273 | Lair:3   | Reached skill level 1 in Summonings
 24273 | Lair:3   | Reached skill level 1 in Air Magic
 25692 | Lair:3   | Found a hole to the Spider Nest.
 26208 | D:10     | Entered Level 10 of the Dungeon
 26215 | D:10     | Reached XP level 13. HP: 79/86 MP: 9/28
 27181 | D:10     | Reached skill level 5 in Summonings
 27181 | D:10     | Reached skill level 5 in Air Magic
 27462 | D:10     | Reached ***** piety under Vehumet
 27772 | D:10     | Offered knowledge of Iskenderun's Battlesphere by Vehumet.
 28230 | D:10     | Found a blossoming altar of Fedhas.
 29697 | D:11     | Found a staircase to the Orcish Mines.
 31044 | D:11     | Learned a level 3 spell: Swiftness
 32270 | Lair:4   | Found a transporter.
 32309 | Lair:4   | Found a transporter.
 32440 | Lair:4   | Noticed Juirae's ghost (journeyman TrMo)
 34043 | Lair:4   | Found a bloodstained altar of Trog.
 34396 | Lair:5   | Entered Level 5 of the Lair of Beasts
 34409 | Lair:5   | Offered knowledge of Arcjolt by Vehumet.
 35067 | Lair:5   | Reached XP level 14. HP: 75/93 MP: 19/29
 38551 | Lair:5   | Found a runed translucent door.
 38551 | Lair:5   | Found a shimmering altar of Xom.
 38551 | Lair:5   | Noticed turdburglar's ghost (journeyman MiFi)
 38561 | Lair:5   | Reached skill level 10 in Summonings
 39903 | Lair:5   | Found a staircase to the Slime Pits.
 39904 | Lair:5   | Found a viscous altar of Jiyva.
 40602 | D:12     | Found a portal to a secret trove of treasure.
 40771 | D:12     | Found a hazy altar of Hepliaklqana.
 41543 | D:13     | Found a runed translucent door.
 41550 | D:13     | Noticed a lich
 41551 | D:13     | Noticed a tengu reaver
 41551 | D:13     | Noticed nroviw's ghost (journeyman TrFi)
 41558 | D:13     | Found a runed translucent door.
 42013 | D:13     | Noticed Azrael
 42363 | D:13     | Killed Azrael
 43247 | D:13     | Noticed Lodul
 43261 | D:13     | Killed Lodul
 44532 | D:13     | Learned a level 1 spell: Shock
 48312 | D:13     | Found a gate to the Vaults.
 48884 | D:14     | HP: 2/93 [centaur warrior/arrow (10)]
 48884 | D:14     | Shot with an arrow by a centaur warrior

Illustrated notes

Levels and vault maps discovered:
D:1:      scummos_arrival_hexagon, layout_basic, chequers_ecumenical_altar_lobes
D:2:      layout_loops_cross, minmay_crystal_room, uniq_terence
D:3:      layout_basic, mainiacjoe_overflow_alcove_1, lemuel_crystal_altar,
          nicolae_qazlal_style_of_elements, marbit_many_paths, uniq_ijyb
D:4:      layout_basic, trog_ov_bears_minmay
D:5:      layout_layer_cave, zin_statuary, xom_confusion_cloud,
          nemelex_diamond_rough_becter, minmay_temple_entry_trees,
          minmay_manual_mail, uniq_sigmund
D:6:      layout_gridville, led_sif_pool, kennysheep_cross_bottleneck,
          minivault_4, hellmonk_bongcloud_opening
D:7:      kennysheep_slugbush, layout_cave_pods, uniq_menkaure
D:8:      minmay_chambers_of_sixes, layout_rooms, mainiacjoe_overflow_chevrons,
          lair_entry_dummy, ebering_ghost_rock_garden, chequers_jeans
D:9:      minmay_evil_eye, layout_rooms, nzn_ghost_randoct,
          minmay_fractal_squares_diagonal_5
D:10:     layout_roguey, lemuel_crystal_altar
D:11:     layout_basic, erik_orc_3
D:12:     layout_loops_cross, nicolae_trove_entry_free_sample,
          worldfamousw_hep_ancestral_shrine
D:13:     layout_loops_ring, david_vaults_4, muffindrake_ghost_dual_entry,
          statue_in_the_mist_lemuel, minivault_7, uniq_lodul, uniq_azrael
D:14:     layout_loops_ring, infiniplex_staircase_squiggle, drop_trap,
          grunt_ministairs_3
Lair:1:   layout_concentric_octagons
Lair:2:   layout_gridlike, wad_woods_01
Lair:3:   layout_gridlike, skrybe_swamp_entry_bodies,
          nicolae_spider_entry_lesser_pyramids, gammafunk_ghost_arena,
          nicolae_lair_lindhole
Lair:4:   layout_roguey, gammafunk_ghost_wrathful_warriors
Lair:5:   gammafunk_lair_ancient_temple, layout_regular_city, slime_entry_1,
          ebering_ghost_xom, nicolae_volcano_entry_batcave,
          infiniplex_staircase_pool_2

Skill      XL: |  1  2  3  4  5  6  7  8  9 10 11 12 13 14 |
---------------+-------------------------------------------+-----
Spellcasting   | 3 4 6 7 8 9 10 11 12 | 12.6
Fire Magic     | 5 8 10 12 14 15 | 15.3
Conjurations   | 4 9 11 | 11.6
Summonings     | 4 9 12 | 12.4
Air Magic      | 4 9 |  9.9
Dodging        | |  1.7
Stealth        | |  1.7

Action                     |  1- 3 |  4- 6 |  7- 9 | 10-12 | 13-15 || total
---------------------------+-------+-------+-------+-------+-------++-------
  Melee: Unarmed           |       |       |     2 |       |       ||     2
         Staff             |       |       |       |     9 |    60 ||    69
         Tailslap          |       |       |       |     1 |    15 ||    16
   Cast: Foxfire           |    61 |    91 |   254 |   251 |   119 ||   776
         Scorch            |     9 |    25 |    96 |   157 |   139 ||   426
         Volatile Blastmot |       |       |       |     9 |       ||     9
         Fulminant Prism   |       |       |       |     2 |     2 ||     4
         Starburst         |       |       |       |    79 |   164 ||   243
         Summon Lightning  |       |       |       |     5 |    64 ||    69
         Swiftness         |       |       |       |       |     1 ||     1
Ability: Breathe Fire      |       |       |     1 |     1 |       ||     2
  Evoke: Wand              |       |       |       |     3 |       ||     3
    Use: Potion            |     1 |       |       |    16 |     3 ||    20
         Scroll            |       |     2 |       |    17 |     7 ||    26
 Armour: Skin              |     4 |    20 |    15 |   122 |   152 ||   313
  Dodge: Dodged            |     8 |    24 |    39 |   169 |   182 ||   422
